 Dungeon Crawl Stone Soup version 0.30-a0-782-ge64f9170bb (webtiles) character file.

Game seed: 17894890626115462016

20115 Bnni the Tainter (level 13, -11/103 HPs)
             Began as a Formicid Venom Mage on Mar 1, 2023.
             Was a High Priest of Cheibriados.
             Mangled by Rupert
             ... wielding a +1 heavy great sword
              (40 damage)
             ... on level 12 of the Dungeon on Mar 2, 2023.
             The game lasted 00:46:26 (16118 turns).

Bnni the Tainter (Formicid Venom Mage)             Turns: 16118, Time: 00:46:26

Health: -11/103    AC: 18    Str: 27    XL:     13   Next: 9%
Magic:  2/19       EV: 10    Int: 30    God:    Cheibriados [*****.]
Gold:   98         SH:  8    Dex: 32    Spells: 2/18 levels left

rFire   + + .      SeeInvis +    e - +2 flail (protect)
rCold   + . .      Faith    +    A - -1 buckler "Byhaiwy" {rF+}
rNeg    . . .      Spirit   .    k - +4 chain mail {rF+}
rPois   .          Reflect  .    (helmet unavailable)
rElec   .          Harm     .    D - +0 cloak
rCorr   .          Rampage  .    (no gloves)
Will    +....                    h - +0 pair of boots Stlth
                                 l - amulet of faith
HPRegen 0.37/turn                G - ring of protection from cold
MPRegen 0.16/turn                F - +6 ring of dexterity

@: radiating poison, invisible, very slow
A: permanent stasis, dig shafts and tunnels, antennae 3, four strong arms
a: Dig, Shaft Self, Renounce Religion, Bend Time, Temporal Distortion, Slouch,
Step From Time


You were on level 12 of the Dungeon.
You worshipped Cheibriados.
Cheibriados was extremely pleased with you.
You visited 2 branches of the dungeon, and saw 13 of its levels.
You also visited: Bailey.

You collected 936 gold pieces.
You spent 838 gold pieces at shops.

Inventory:

Hand Weapons
 a - a +7 battleaxe
 e - a +2 flail of protection (weapon)
 i - a +1 demon whip of venom
Armour
 h - a +0 pair of boots (worn)
 k - a +4 chain mail of fire resistance (worn)
 A - the -1 buckler "Byhaiwy" (worn) {rF+}
   (You took it off Duvessa on level 7 of the Dungeon)

   rF:        It protects you from fire.
 D - a +0 cloak (worn)
 L - a +0 tower shield of fire resistance
Jewellery
 l - an amulet of faith (around neck)
 F - a +6 ring of dexterity (right hand)
 G - a ring of protection from cold (left hand)
 Q - an amulet of guardian spirit
Wands
 r - a wand of flame (12)
 x - a wand of mindburst (9)
 y - a wand of iceblast (3)
Scrolls
 c - 3 scrolls of enchant armour
 d - 3 scrolls of enchant weapon
 f - 2 scrolls of vulnerability
 j - a scroll of amnesia
 m - 6 scrolls of fog
 p - 4 scrolls of magic mapping
 q - a scroll of poison
 z - a scroll of immolation {unknown}
 H - 5 scrolls of noise {unknown}
 N - a scroll of brand weapon {unknown}
 P - a scroll of fear {unknown}
 R - a scroll of summoning {unknown}
 S - 2 scrolls of torment {unknown}
Potions
 b - 2 potions of lignification {unknown}
 g - 5 potions of curing
 n - 3 potions of berserk rage {unknown}
 s - 2 potions of magic
 t - 5 potions of mutation
 u - 2 potions of attraction {unknown}
 w - 3 potions of flight
 B - a potion of cancellation {unknown}
 C - a potion of ambrosia {unknown}
 E - 2 potions of might
 I - 3 potions of heal wounds
 J - a potion of brilliance
 K - a potion of resistance {unknown}
 O - a potion of haste {unknown}
 U - a potion of degeneration {unknown}
Miscellaneous
 v - a phantom mirror (inert)
 M - a phial of floods (inert)


   Skills:
 + Level 9.8 Fighting
 * Level 10.4 Armour
 - Level 1.7 Dodging
 - Level 2.4 Stealth
 * Level 9.1 Shields
 - Level 3.0 Spellcasting
 + Level 8.0 Transmutations
 - Level 5.0 Air Magic
 - Level 12.0 Poison Magic
 + Level 8.3 Invocations


You had 2 spell levels left.
You knew the following spells:

 Your Spells              Type           Power      Damage    Failure   Level
a - Sting                 Tmut/Pois      100%       1d8       1%          1
b - Poisonous Vapours     Pois/Air       100%       N/A       1%          2
c - Mephitic Cloud        Conj/Pois/Air  38%        N/A       11%         3
d - Olgreb's Toxic Radia  Pois           66%        N/A       2%          4
g - Eringya's Noxious Bo  Tmut/Pois      29%        N/A       67%         6

Your spell library contained the following spells:

 Spells                   Type           Power      Damage    Failure   Level
 Summon Small Mammal      Summ           16%        N/A       36%         1
 Ice Form                 Ice/Tmut       28%        N/A       56%         4
 Call Canine Familiar     Summ           4%         N/A       73%         3
 Hailstorm                Conj/Ice       4%         3d4       73%         3
 Ozocubu's Armour         Ice            4%         N/A       73%         3
 Summon Guardian Golem    Hex/Summ       4%         N/A       73%         3
 Tukima's Dance           Hex            4%         N/A       73%         3
 Yara's Violent Unravell  Hex/Tmut       14%        3d7       89%         5
 Manifold Assault         Tloc           4%         N/A       98%         4
 Passage of Golubria      Tloc           4%         N/A       98%         4
 Summon Forest            Summ/Tloc      2%         N/A       100%        5
 Simulacrum               Ice/Necr       2%         N/A       100%        6
 Monstrous Menagerie      Summ           2%         N/A       100%        7
 Ozocubu's Refrigeration  Ice            2%         4d7       100%        7
 Storm Form               Tmut/Air       21%        N/A       100%        7
 Summon Hydra             Summ           2%         N/A       100%        7
 Lehudib's Crystal Spear  Conj/Erth      2%         10d2      100%        8
 Blink                    Tloc           Unusable   N/A       N/A         2

Dungeon Overview and Level Annotations

Branches:
Dungeon (12/15)            Temple (1/1) D:6            Lair (0/5) D:11
    Orc (0/2) D:9          Bailey (visited)

Altars:
Ashenzari
Cheibriados
Dithmenos
Elyvilon
Fedhas
Hepliaklqana
Makhleb
Nemelex Xobeh
Qazlal
Ru
Sif Muna
Trog
Uskayaw
Vehumet
Xom
Yredelemnul
Zin
The Shining One

Shops:
D:5 ((((:   D:11 !

Portals:
Abyss: D:7

Annotations:
D:12 Rupert


Innate Abilities, Weirdness & Mutations

You cannot be hasted, slowed, berserked, paralysed or teleported.
You can dig through walls and to a lower floor.
You have a pair of large antennae on your head. (SInv)
Your four strong arms can wield two-handed weapons with a shield.


Message History

Aiming: Poisonous Vapours (safe; 1% risk of failure)
Press: ? - help, Q - select action, (/) - cycle Dir - move target, f - fire crab
Aim: a fire crab (flame, moderately wounded, unable to see you) Poisonous vapours surround the fire crab!
The fire crab is poisoned.
You are engulfed in blazing flames.
You resist.
Rupert is no longer moving slowly.
You block the fire crab's attack. The fire crab barely misses you.
Casting: Poisonous Vapours (safe; 1% risk of failure)
Confirm with . or Enter, or press ? or * to list all spells.
You begin to radiate toxic energy.
The fire crab looks as sick as possible!
Rupert looks as sick as possible!
You are engulfed in blazing flames.
You resist.
Rupert is engulfed in blazing flames.
You block Rupert's attack. The fire crab breathes flames at you.
The blast of flame engulfs you but does no damage.
You barely miss Rupert.
Rupert is heavily wounded.
You are engulfed in blazing flames.
You resist.
The fire crab looks as sick as possible!
Rupert looks as sick as possible!
You block Rupert's attack. The fire crab misses you.
The fire crab closely misses you.
Rupert hits you with a +1 heavy great sword!!!
Ouch! That really hurt!
* * * LOW HITPOINT WARNING * * *
The fire crab breathes flames at you.
The blast of flame engulfs you but does no damage.
You hear a shout! x2
You feel much better.
The fire crab looks as sick as possible!
Rupert is engulfed in blazing flames.
Rupert hits you with a +1 heavy great sword!
* * * LOW HITPOINT WARNING * * *
The fire crab closely misses you. You block the fire crab's attack.
You feel much better.
You kill the fire crab!
Cheibriados appreciates the change of pace.
Rupert looks as sick as possible!
Rupert is engulfed in blazing flames.
Rupert hits you with a +1 heavy great sword!!!
You die...

.### ..##........... ......#
..##.####..###. °..... ..####
##..###. ...# #...# ..# #.......
....## #..# ..# #....... .....
#..##..# #....... .. #...#
#°..#°.# ##...##.
..###...####°°#@°.# #...###
..........##°°@#..# ........
...........'.°##..+ .........
...........'.°##..+ ..........
.........##......# ....... #.
#+#####.....##......# ###########
.....##.....###########..........
.....##...############...........
.....##...###...##...............
.................................


You could see Rupert (berserk, unable to see you, extremely poisoned).

Vanquished Creatures
  Frances (D:12)
  An orc warlord (Bailey)
  3 boulder beetles
  A tengu warrior (D:9)
  A fire crab (D:12)
  Amaemon (D:8)
  A deep elf pyromancer (D:12)
  An ugly thing (D:7)
  A cyclops (D:12)
  An orange demon (D:8)
  A gargoyle (D:11)
  A komodo dragon (D:7)
  An ancient zyme (D:7)
  Grinder (D:5)
  The ghost of zibby the Trooper, an amateur DsBe of Trog (D:7)
  4 wraiths
  Sigmund (D:5)
  3 shadows
  5 wyverns
  A vampire (D:10)
  A steam dragon (D:10)
  29 yaks
  7 vampire mosquitoes (D:12)
  Edmund (D:5)
  2 water moccasins
  Duvessa (D:7)
  2 acid dragons
  10 orc warriors
  A sky beast (D:6)
  2 ogres
  2 ice beasts
  4 black bears
  4 centaurs
  3 phantoms
  2 kobold brigands
  3 gnoll sergeants
  3 bullfrogs
  2 necrophages (D:5)
  5 wights (D:8)
  Dowan (D:7)
  3 killer bees (D:9)
  2 howler monkeys
  2 hounds
  A small abomination (D:7)
  A jelly (D:6)
  4 orc priests
  An iron imp (D:7)
  Jessica (D:2)
  Natasha (thrice) (D:2)
  Terence (D:2)
  6 orc wizards
  3 iguanas
  Robin (D:2)
  5 adders
  17 gnolls
  2 shadow imps
  2 ufetubi
  2 worms (D:2)
  3 dart slugs
  37 orcs
  7 ball pythons
  9 endoplasms
  7 giant cockroaches
  23 goblins
  18 hobgoblins
  7 jackals (D:1)
  2 quokkas (D:1)
  6 bats
  9 frilled lizards
  23 kobolds
  3 rats
327 creatures vanquished.

Vanquished Creatures (collateral kills)
  A worldbinder (D:7)
1 creature vanquished.

Vanquished Creatures (others)
  3 plants (D:7)
3 creatures vanquished.

Grand Total: 331 creatures vanquished

Notes
Turn   | Place    | Note
-------+----------+-------------------------------------------
     0 | D:1      | Bnni the Formicid Venom Mage began the quest for the Orb.
     0 | D:1      | Reached XP level 1. HP: 13/13 MP: 3/3
   105 | D:1      | Reached XP level 2. HP: 9/20 MP: 0/5
   122 | D:1      | HP: 1/20 [jackal (1)]
   303 | D:1      | Reached skill level 1 in Fighting
   331 | D:1      | Reached XP level 3. HP: 24/26 MP: 4/6
   373 | D:1      | Learned a level 2 spell: Poisonous Vapours
   519 | D:1      | Reached skill level 5 in Poison Magic
  1145 | D:2      | Noticed Robin
  1200 | D:2      | Noticed Natasha
  1212 | D:2      | Killed Natasha
  1213 | D:2      | Reached XP level 4. HP: 6/33 MP: 0/8
  1221 | D:2      | Learned a level 4 spell: Olgreb's Toxic Radiance
  1532 | D:2      | Noticed Terence
  1545 | D:2      | Killed Terence
  1546 | D:2      | Reached XP level 5. HP: 38/38 MP: 1/9
  1585 | D:2      | Reached skill level 6 in Poison Magic
  1593 | D:2      | Killed Robin
  1852 | D:2      | Noticed Natasha
  1862 | D:2      | Killed Natasha
  2070 | D:2      | Noticed Jessica
  2077 | D:2      | Killed Jessica
  2078 | D:2      | Reached skill level 1 in Armour
  2078 | D:2      | Reached XP level 6. HP: 46/46 MP: 3/10
  2220 | D:2      | Noticed Natasha
  2236 | D:2      | Killed Natasha
  3279 | D:3      | Reached skill level 7 in Poison Magic
  3463 | D:3      | Got the Atlas of the Phantasmal Valley
  3468 | D:3      | Learned a level 3 spell: Mephitic Cloud
  3610 | D:4      | Noticed a black bear
  3622 | D:4      | Killed a black bear
  3733 | D:4      | Noticed a black bear
  3747 | D:4      | Killed a black bear
  3748 | D:4      | Reached skill level 1 in Air Magic
  3748 | D:4      | Reached XP level 7. HP: 25/52 MP: 0/11
  3949 | D:4      | Found a radiant altar of Vehumet.
  4233 | D:4      | Reached skill level 8 in Poison Magic
  4924 | D:5      | Entered Level 5 of the Dungeon
  4994 | D:5      | Noticed Grinder
  5054 | D:5      | Killed Grinder
  5055 | D:5      | Reached XP level 8. HP: 12/60 MP: 10/12
  5215 | D:5      | Noticed Sigmund
  5225 | D:5      | Killed Sigmund
  5226 | D:5      | Reached skill level 9 in Poison Magic
  5300 | D:5      | Found Jiricech's Book Shoppe.
  5490 | D:5      | Noticed Edmund
  5504 | D:5      | Killed Edmund
  5613 | D:5      | Reached skill level 5 in Fighting
  5709 | D:5      | Reached skill level 10 in Poison Magic
  5709 | D:5      | Reached XP level 9. HP: 45/68 MP: 5/13
  6027 | D:5      | Found Hobado's Weapon Shoppe.
  6161 | D:5      | Found Yrytav's Weapon Shop.
  6180 | D:5      | Found Woxil's Antique Weapon Shoppe.
  6348 | D:5      | Found Gayhont's Weapon Boutique.
  6692 | D:6      | You fall into a shaft and drop 1 floor!
  6872 | D:7      | Found a one-way gate to the infinite horrors of the Abyss.
  6872 | D:7      | Noticed zibby's ghost (amateur DsBe)
  6872 | D:7      | Noticed a worldbinder
  6873 | D:7      | Noticed a brown ugly thing
  6874 | D:7      | Noticed an ancient zyme
  6915 | D:7      | Reached skill level 1 in Shields
  6929 | D:7      | Identified the -1 buckler "Byhaiwy" {rF+}
  6929 | D:7      | Noticed Duvessa
  6933 | D:7      | Noticed Dowan
  6944 | D:7      | Killed Duvessa
  6944 | D:7      | Killed Dowan
  7029 | D:7      | Found a transporter.
  7100 | D:7      | Found a transporter.
  7137 | D:7      | Reached skill level 5 in Armour
  7226 | D:7      | Noticed a komodo dragon
  7241 | D:7      | Killed a komodo dragon
  7242 | D:7      | Reached skill level 11 in Poison Magic
  7674 | D:6      | Found a staircase to the Ecumenical Temple.
  7694 | Temple   | Entered the Ecumenical Temple
  7824 | Temple   | Became a worshipper of Cheibriados the Contemplative
  7878 | D:6      | Found a white marble altar of Elyvilon.
  7980 | D:6      | Reached skill level 1 in Invocations
  7980 | D:6      | Reached XP level 10. HP: 71/76 MP: 14/14
  8616 | D:8      | Noticed Amaemon
  8616 | D:8      | Noticed an orange demon
  8616 | D:8      | Found a flagged portal.
  8630 | D:8      | Killed Amaemon
  8631 | D:8      | Reached skill level 12 in Poison Magic
  8639 | D:8      | Killed an orange demon
  8803 | Bailey   | Entered a bailey
  8827 | Bailey   | Noticed an orc warlord
  8828 | Bailey   | Reached * piety under Cheibriados
  8893 | Bailey   | Reached skill level 5 in Shields
  9099 | Bailey   | Found a runed translucent gate.
  9099 | Bailey   | Found a runed translucent gate.
  9099 | Bailey   | Found a runed translucent gate.
  9189 | Bailey   | Reached ** piety under Cheibriados
  9322 | Bailey   | Killed an orc warlord
  9538 | D:8      | Reached XP level 11. HP: 77/84 MP: 7/15
  9540 | D:8      | Reached skill level 5 in Air Magic
  9876 | D:8      | Reached skill level 5 in Invocations
 10329 | D:8      | Reached *** piety under Cheibriados
 10430 | D:8      | Identified the +0 leather armour of the Blessed Realm
                  | {Dex+5 SInv Stlth+}
 10512 | D:8      | Identified the +2 sling "Nileexke" {antimagic, rElec rF-
                  | rN++ Dex+3}
 10933 | D:9      | Noticed a boulder beetle
 10942 | D:9      | Killed a boulder beetle
 10943 | D:9      | Reached skill level 5 in Transmutations
 11085 | D:5      | Bought a Fen Folio for 630 gold pieces
 11092 | D:5      | Learned a level 6 spell: Eringya's Noxious Bog
 11176 | D:7      | Killed a worldbinder
 11186 | D:7      | Killed a brown ugly thing
 11203 | D:7      | Killed zibby's ghost
 12084 | D:9      | Reached **** piety under Cheibriados
 12120 | D:9      | Acquired a +0 tower shield of fire resistance
 12679 | D:9      | Noticed a tengu warrior
 12692 | D:9      | Killed a tengu warrior
 12823 | D:9      | Found the +18 Lear's hauberk
 12860 | D:9      | Reached XP level 12. HP: 94/94 MP: 12/17
 13259 | D:9      | Found a staircase to the Orcish Mines.
 13354 | D:10     | Entered Level 10 of the Dungeon
 13969 | D:10     | Reached ***** piety under Cheibriados
 14497 | D:11     | Noticed a boulder beetle
 14513 | D:11     | Killed a boulder beetle
 14716 | D:11     | Found a staircase to the Lair.
 14909 | D:11     | Found Ruass's Distillery.
 14910 | D:11     | Noticed a boulder beetle
 14920 | D:11     | Killed a boulder beetle
 14978 | D:11     | Bought 2 potions of curing for 78 gold pieces
 14978 | D:11     | Bought 2 potions of heal wounds for 130 gold pieces
 15448 | D:12     | Reached skill level 10 in Armour
 15759 | D:12     | Noticed Frances
 15773 | D:12     | Killed Frances
 15774 | D:12     | Reached XP level 13. HP: 28/102 MP: 0/19
 16106 | D:12     | Noticed Rupert
 16116 | D:12     | HP: 2/103 [Rupert/+1 heavy great sword (54)]
 16118 | D:12     | Mangled by Rupert

Illustrated notes

Levels and vault maps discovered:
D:1:      wheals_arrival_linesprint, layout_rooms
D:2:      layout_loops_cross, uniq_natasha, uniq_terence, uniq_jessica,
          uniq_robin
D:3:      minmay_octagon_keep, layout_loops_cross, serial_bayou_pond_a
D:4:      layout_basic, mainiacjoe_overflow_catwalk
D:5:      layout_basic, serial_shops, shop, shop, nicolae_lakefront_shop,
          nicolae_diamond_shop, shop, uniq_edmund, uniq_sigmund, uniq_grinder
D:6:      layout_cave_pools, elyvilon_altar_1, minmay_temple_entry_mini_moons,
          minmay_fractal_squares_gapless_5
D:7:      layout_rooms, gammafunk_ghost_abyssal_escape, minmay_lizard_king,
          uniq_duvessa
D:8:      layout_layer_cave, enter_bailey_3, uniq_amaemon
D:9:      layout_roguey, david_orc_5, serial_aquarium, aquarium_bridge_straight
          [aquarium_subvault_bridge, aquarium_subvault_wall,
          aquarium_subvault_bridge, aquarium_subvault_wall],
          aquarium_window_fake, aquarium_window_1, aquarium_window_corner,
          aquarium_view_2c, hellmonk_guarded_unrand_lears
D:10:     layout_gridville
D:11:     layout_loops_ring, dpeg_oklobed_lair, kennysheep_small_circle
D:12:     layout_gridville, serial_park_tiny_1, hangedman_corner_corridor,
          uniq_rupert, uniq_frances
Temple:   nicolae_temple_slightly_damp_pantheon

Skill      XL: |  1  2  3  4  5  6  7  8  9 10 11 12 13 |
---------------+----------------------------------------+-----
Fighting       | 1 2 3 4 5 6 7 8 9 |  9.8
Poison Magic   | 5 6 7 8 10 11 12 | 12.0
Spellcasting   | 3 |  3.0
Armour         | 1 2 3 4 5 6 8 10 | 10.4
Air Magic      | 1 2 3 4 5 |  5.0
Shields        | 3 5 8 9 |  9.1
Invocations    | 1 4 6 8 |  8.3
Transmutations | 3 6 7 8 |  8.0
Dodging        | |  1.7
Stealth        | |  2.4

Action                     |  1- 3 |  4- 6 |  7- 9 | 10-12 | 13-15 || total
---------------------------+-------+-------+-------+-------+-------++-------
  Melee: Unarmed           |    32 |       |       |       |       ||    32
         Dagger            |    54 |   119 |     4 |       |       ||   177
         Punch             |     1 |       |       |       |       ||     1
         Spear             |       |       |    94 |       |       ||    94
         Flail             |       |       |   137 |   126 |    17 ||   280
         Demon whip        |       |       |       |   252 |       ||   252
         Battleaxe         |       |       |       |    30 |     4 ||    34
  Throw: Throwing net      |       |       |       |     3 |       ||     3
         Dart              |       |       |       |     2 |     1 ||     3
   Cast: Sting             |    40 |     1 |    12 |     6 |       ||    59
         Poisonous Vapours |       |    37 |    26 |    48 |     4 ||   115
         Olgreb's Toxic Ra |       |     4 |     9 |    26 |     1 ||    40
         Mephitic Cloud    |       |       |     1 |     7 |     2 ||    10
 Invoke: Bend Time         |       |       |       |     1 |       ||     1
         Slouch            |       |       |       |     1 |     1 ||     2
Ability: Shaft Self        |       |       |     1 |       |       ||     1
         Dig               |       |       |       |     1 |       ||     1
  Evoke: Wand              |       |       |     3 |    15 |       ||    18
         Phantom mirror    |       |       |       |     1 |       ||     1
         Phial of floods   |       |       |       |     1 |       ||     1
    Use: Potion            |       |     1 |     1 |     3 |     3 ||     8
         Scroll            |       |     1 |     8 |     5 |       ||    14
   Stab: Sleeping          |     1 |     5 |     3 |     1 |       ||    10
         Distracted        |       |       |     1 |       |       ||     1
         Confused          |       |       |     1 |     3 |       ||     4
 Armour: Robe              |    15 |    13 |    16 |       |       ||    44
         Leather armour    |       |       |    75 |    10 |       ||    85
         Acid dragon scale |       |       |       |    57 |       ||    57
         Chain mail        |       |       |       |   174 |    23 ||   197
  Dodge: Dodged            |    73 |    74 |   138 |   255 |    16 ||   556
  Block: Buckler           |       |       |    30 |   184 |    17 ||   231

Table legend: (Time is in decaauts)
 A = Elapsed time spent in this place.
 B = Non-inter-level travel time spent in this place.
 C = Inter-level travel time spent in this place.
 D = Time resting spent in this place.
 E = Time spent auto-exploring this place.
 F = Levels seen in this place.
 G = Mean time per level.
                   A        B        C        D        E       F      G
               +--------+--------+--------+--------+--------+-----+--------+
         Total |  18965 |  17880 |   1085 |   2677 |  12226 |  14 | 1354.6 |
       Dungeon |  17998 |  16936 |   1062 |   2467 |  11779 |  12 | 1499.8 |
        Temple |    154 |    131 |     23 |      0 |    107 |   1 |  154.0 |
        Bailey |    812 |    812 |      0 |    210 |    340 |   1 |  812.0 |
               +--------+--------+--------+--------+--------+-----+--------+

Top non-repeatable levels by time:
     D:9: 2331 daAuts
     D:8: 2089 daAuts
     D:7: 1767 daAuts
     D:5: 1731 daAuts
    D:11: 1701 daAuts
     D:1: 1350 daAuts
     D:4: 1343 daAuts
    D:10: 1331 daAuts
     D:2: 1320 daAuts
     D:6: 1141 daAuts
    D:12: 975 daAuts
     D:3: 913 daAuts
  Bailey: 812 daAuts
  Temple: 154 daAuts
